 Dungeon Crawl Stone Soup version 0.26.1-2-gb8aa6d0cf2 (webtiles) character file.

Game seed: 16936590450030043571

9889 wojtek the Fighter (level 11, -6/86 HPs)
             Began as a Demonspawn Fighter on Mar 28, 2021.
             Was a Believer of Nemelex Xobeh.
             Mangled by a minotaur
             ... wielding a +2 broad axe of holy wrath
              (14 damage)
             ... in a Gauntlet.
             The game lasted 00:22:27 (12715 turns).

wojtek the Fighter (Demonspawn Fighter)            Turns: 12715, Time: 00:22:28

Health: -6/86      AC: 17    Str: 19    XL:     11   Next: 29%
Magic:  17/17      EV: 16    Int:  5    God:    Nemelex Xobeh [**....]
Gold:   402        SH: 10    Dex: 13    Spells: 10/10 levels left

rFire    . . .     SeeInvis .   a - +0 war axe
rCold    + + .     Faith    +   c - +0 kite shield
rNeg     + . .     Spirit   .   w - quicksilver dragon scales
rPois    +         Reflect  .   (helmet unavailable)
rElec    .         Harm     .   H - +1 cloak {Stlth+}
rCorr    .         Rampage  .   (no gloves)
Will     ++...     NoTele   +   (no boots)
Stlth    +.........             b - amulet of Joss {Faith rPois rC+ Will+ Int-5}
HPRegen  0.24/turn              n - ring of positive energy
MPRegen  0.15/turn              S - +4 ring of evasion

@: no status effects
A: horns 3, icy blue scales 2, cold resistance 1, demonic guardian 1, freezing
cloud immunity
a: Renounce Religion, Draw Escape, Draw Destruction, Draw Summoning


You were in a Gauntlet.
You worshipped Nemelex Xobeh.
Nemelex Xobeh was pleased with you.
You visited 2 branches of the dungeon, and saw 12 of its levels.
You also visited: Gauntlet.

You collected 628 gold pieces.
You spent 226 gold pieces at shops.

Inventory:

Hand Weapons
 a - a +0 war axe (weapon)
Missiles
 e - 312 stones (quivered)
 v - 13 poisoned darts
 N - a throwing net
Armour
 c - a +0 kite shield (worn)
 s - a +1 cloak
 u - a scarf of repulsion
 w - quicksilver dragon scales (worn)
 H - a +1 cloak of stealth (worn)
Jewellery
 b - the amulet of Joss (around neck) {Faith rPois rC+ Will+ Int-5}
   (You found it on level 4 of the Dungeon)

   [amulet of faith]

   It allows you to gain divine favour quickly.
   It affects your intelligence (-5).
   It protects you from cold.
   It protects you from poison.
   It affects your willpower, your defense against some magical effects.
 n - a ring of positive energy (left hand)
 t - an uncursed ring of protection from cold {unknown}
 D - an uncursed ring of fire
 O - an uncursed ring of positive energy
 S - a +4 ring of evasion (right hand)
Wands
 B - a wand of iceblast (32)
 M - a wand of polymorph (6)
Scrolls
 g - 8 scrolls of identify
 i - 4 scrolls of amnesia
 j - 12 scrolls of remove curse
 k - 2 scrolls of immolation
 l - a scroll of magic mapping
 m - a scroll of fog
 y - 5 scrolls of blinking
 z - 4 scrolls of fear
 E - 10 scrolls of teleportation
 F - a scroll of brand weapon {unknown}
 G - 2 scrolls of enchant weapon {unknown}
 I - a scroll of torment {unknown}
 L - a scroll of vulnerability {unknown}
 Q - 2 scrolls of random uselessness {unknown}
Potions
 d - 5 potions of might
 f - 2 potions of magic {unknown}
 h - 3 potions of mutation {unknown}
 o - 2 potions of degeneration {unknown}
 p - 2 potions of brilliance {unknown}
 q - 3 potions of haste {unknown}
 r - a potion of resistance {unknown}
 x - a potion of attraction {unknown}
 A - 7 potions of curing
 C - a potion of berserk rage {unknown}
 J - a potion of flight {unknown}
 K - a potion of lignification {unknown}
 R - a potion of invisibility {unknown}
 T - a potion of cancellation


   Skills:
 + Level 8.0 Fighting
 + Level 8.0 Axes
 + Level 7.0 Armour
 - Level 6.0 Dodging
 + Level 7.0 Shields
 + Level 8.0 Invocations
 + Level 3.0 Evocations


You had 10 spell levels left.
You didn't know any spells.
Your spell library contained the following spells:

 Spells                   Type           Power        Failure   Level
 Magic Dart               Conj           0%           94%         1
 Blink                    Tloc           N/A          98%         2
 Call Imp                 Summ           0%           98%         2
 Slow                     Hex            0%           98%         2
 Conjure Flame            Conj/Fire      0%           100%        3
 Mephitic Cloud           Conj/Pois/Air  0%           100%        3


Dungeon Overview and Level Annotations

Branches:
Dungeon (11/15)            Temple (1/1) D:5            Lair (0/6) D:10
    Orc (0/2) D:9         Gauntlet (1/1)

Altars:
Ashenzari
Cheibriados
Dithmenos
Elyvilon
Fedhas
Gozag
Hepliaklqana
Kikubaaqudgha
Makhleb
Nemelex Xobeh
Okawaru
Qazlal
Ru
Sif Muna
Trog
Uskayaw
Vehumet
Wu Jian
Xom
Yredelemnul
Zin
The Shining One

Shops:
D:5 [?*??   D:9 *

Annotations:
D:1 water - ice dragon scales
D:3 ice beast
D:9 2 runed translucent doors Gauntlet 8 transporters, 3 runed translucent doors


Innate Abilities, Weirdness & Mutations

You have a pair of large horns on your head.
You are mostly covered in icy blue scales. (AC +3)
Your flesh is cold resistant. (rC+)
A weak demonic guardian rushes to your aid.
You are immune to freezing clouds.


Message History

The minotaur bellows!
You swap places.
You see here a javelin.
The minotaur hits you with a +2 broad axe of holy wrath!
You convulse.
The minotaur hits your ufetubus with a +2 broad axe of holy wrath!
Your ufetubus dies!
You block the minotaur's attack.
You hit the minotaur but do no damage.
The minotaur hits you with a +2 broad axe of holy wrath!
You convulse.
You block the minotaur's attack.
You hit the minotaur but do no damage. Your headbutt misses the minotaur.
The minotaur hits you with a +2 broad axe of holy wrath.
You convulse.
You block the minotaur's attack.
You hit the minotaur but do no damage.
The minotaur hits you with a +2 broad axe of holy wrath!!
* * * LOW HITPOINT WARNING * * *
You convulse!
You die...
Your body glows with a rainbow of weird colours and disappears.

###+## ##..⌠.# '⌠...# ...⌠+ ∩..
#Z# #######H#######
#.....5@(.....# #.###.###.###.#
#.............# ##.###.###.###
###.###.###.### #.............#
##...©.©.©...##
############.........############
#≈#≈#§#§#§#############≈#≈#≈#≈#≈#


You could see a minotaur, a minotaur zombie and a friendly quasit (summoned).

Vanquished Creatures
  A green death (Gauntlet)
  A ghost crab (Gauntlet)
  An unseen horror (D:10)
  A necromancer (Gauntlet)
  An elephant (D:10)
  Joseph (D:8)
  A centaur zombie (D:8)
  3 trolls
  2 wyverns
  A basilisk (D:9)
  A yak (D:9)
  A steam dragon (D:9)
  Edmund (D:4)
  Duvessa (D:7)
  8 orc warriors
  2 sky beasts
  2 phantoms
  A black bear (D:10)
  3 ice beasts
  A necrophage (D:7)
  4 ogres
  2 centaurs
  3 wolves (Gauntlet)
  2 big kobolds
  3 bullfrogs
  Dowan (D:7)
  3 scorpions
  A water moccasin skeleton (D:9)
  7 wights
  A vampire bat (D:8)
  3 hounds
  3 jellies
  A quasit (D:9)
  A bullfrog zombie (D:9)
  8 orc priests
  8 orc wizards
  Ijyb (D:5)
  An iguana (D:5)
  2 worker ants
  A hound skeleton (D:6)
  2 worker ant zombies
  Robin (D:2)
  7 adders
  3 gnolls (D:8)
  A howler monkey zombie (D:7)
  A shadow imp (D:10)
  2 white imps
  3 ufetubi
  An ooze (D:2)
  An adder zombie (D:10)
  3 worms (D:2)
  3 dart slugs
  8 leopard geckos
  38 orcs
  3 ball pythons
  8 bats
  4 bat skeletons (D:8)
  3 bat zombies (D:8)
  6 giant cockroaches
  2 gnoll zombies (D:3)
  12 goblins
  7 hobgoblins
  11 jackals
  A quokka (D:6)
  A ball python skeleton (D:4)
  A frilled lizard (D:4)
  21 kobolds
  A quokka skeleton (D:8)
  7 rats
252 creatures vanquished.

Vanquished Creatures (collateral kills)
  Erica (D:9)
  A centaur skeleton (D:11)
  A centaur (D:10)
  A bullfrog (D:6)
  An orc priest (D:7)
  A bullfrog skeleton (D:11)
  2 hounds
  An orc wizard (D:8)
  A worker ant (D:7)
  8 orcs
  3 goblins (D:2)
  A hobgoblin (D:2)
  A kobold (D:8)
23 creatures vanquished.

Vanquished Creatures (others)
  26 plants (D:1)
26 creatures vanquished.

Grand Total: 301 creatures vanquished

Notes
Turn   | Place    | Note
-------+----------+-------------------------------------------
     0 | D:1      | wojtek the Demonspawn Fighter began the quest for the Orb.
     0 | D:1      | Reached XP level 1. HP: 18/18 MP: 1/1
   329 | D:1      | Gained mutation: You have a pair of small horns on your
                  | head. [demonic ancestry]
   329 | D:1      | Reached XP level 2. HP: 20/24 MP: 2/2
   773 | D:1      | Gained mutation: A weak demonic guardian rushes to your
                  | aid. [demonic ancestry]
   773 | D:1      | Reached XP level 3. HP: 29/29 MP: 3/3
  1231 | D:2      | Noticed Robin
  1237 | D:2      | Killed Robin
  1402 | D:2      | Gained mutation: You have a pair of horns on your head.
                  | [demonic ancestry]
  1402 | D:2      | Reached XP level 4. HP: 35/35 MP: 4/4
  1921 | D:2      | Found a bloodstained altar of Trog.
  1922 | D:2      | Found an ornate altar of the Wu Jian Council.
  2056 | D:3      | Found a stormy altar of Qazlal.
  2212 | D:3      | Found a stormy altar of Qazlal.
  2303 | D:3      | Found a sacrificial altar of Ru.
  2607 | D:3      | Noticed an ice beast
  2661 | D:3      | Found a snail-covered altar of Cheibriados.
  3040 | D:3      | Found a basalt altar of Yredelemnul.
  3392 | D:3      | Found a burning altar of Makhleb.
  3397 | D:3      | Gained mutation: Your flesh is cold resistant. (rC+)
                  | [demonic ancestry]
  3397 | D:3      | Reached XP level 5. HP: 31/41 MP: 5/5
  3573 | D:4      | Got a clouded graven amulet
  3579 | D:4      | Identified the amulet of Joss {Faith rPois rC+ Will+ Int-5}
                  | (You found it on level 4 of the Dungeon)
  3580 | D:4      | Reached skill level 5 in Axes
  3737 | D:4      | Noticed an ogre
  3744 | D:4      | Killed an ogre
  3745 | D:4      | Gained mutation: You have a pair of large horns on your
                  | head. [demonic ancestry]
  3745 | D:4      | Reached XP level 6. HP: 19/47 MP: 6/6
  4116 | D:4      | Found a glowing golden altar of the Shining One.
  4295 | D:4      | Noticed Edmund
  4309 | D:4      | Killed Edmund
  4310 | D:4      | Reached skill level 1 in Dodging
  4705 | D:3      | Found a snail-covered altar of Cheibriados.
  4749 | D:3      | Killed an ice beast
  4750 | D:3      | Reached XP level 7. HP: 46/52 MP: 7/7
  4831 | D:5      | Entered Level 5 of the Dungeon
  4838 | D:5      | Noticed Ijyb
  4844 | D:5      | Killed Ijyb
  4860 | D:5      | Found Ijoo's Magic Scroll Boutique.
  4876 | D:5      | Bought a scroll of teleportation for 39 gold pieces
  4876 | D:5      | Bought a scroll of identify for 26 gold pieces
  4882 | D:5      | Bought a scroll of identify for 26 gold pieces
  4882 | D:5      | Bought a scroll of identify for 26 gold pieces
  4882 | D:5      | Bought a scroll of fear for 45 gold pieces
  4896 | D:5      | Found Ajaetyesh's Magic Scroll Shoppe.
  4918 | D:5      | Bought a scroll of identify for 22 gold pieces
  4994 | D:5      | Found Fiwnas's Magic Scroll Emporium.
  5086 | D:5      | Found Xuqefez's Antique Armour Emporium.
  5243 | D:5      | Found a staircase to the Ecumenical Temple.
  5318 | D:5      | Found Mobb's Assorted Antiques.
  5736 | D:6      | Gained mutation: You are partially covered in icy blue
                  | scales. (AC +2) [demonic ancestry]
  5736 | D:6      | Reached XP level 8. HP: 44/61 MP: 8/8
  5934 | D:6      | Got an encrusted mace
  5935 | D:6      | Identified the +10 mace of Qodotec {freeze, +Fly Str+10
                  | Int-4 SInv} (You found it on level 6 of the Dungeon)
  5950 | D:6      | Found a radiant altar of Vehumet.
  6460 | Temple   | Entered the Ecumenical Temple
  6776 | D:7      | Reached skill level 5 in Fighting
  6897 | D:7      | Noticed Duvessa
  6897 | D:7      | Noticed Dowan
  6898 | D:7      | Found a sparkling altar of Nemelex Xobeh.
  6898 | D:7      | Found an iron altar of Okawaru.
  6909 | D:7      | Killed Duvessa
  6920 | D:7      | Killed Dowan
  6924 | D:7      | Became a worshipper of Nemelex Xobeh the Trickster
  7027 | D:7      | Reached skill level 5 in Armour
  7095 | D:7      | Reached skill level 5 in Shields
  7095 | D:7      | Reached skill level 1 in Invocations
  7188 | D:7      | Reached skill level 1 in Evocations
  7704 | D:7      | Found a shadowy altar of Dithmenos.
  7843 | D:8      | Gained mutation: You are mostly covered in icy blue scales.
                  | (AC +3) [demonic ancestry]
  7843 | D:8      | Reached XP level 9. HP: 58/68 MP: 9/11
  8028 | D:8      | Reached * piety under Nemelex Xobeh
  8280 | D:8      | Found an ancient bone altar of Kikubaaqudgha.
  8358 | D:8      | Reached skill level 5 in Invocations
  8382 | D:8      | Noticed Joseph
  8407 | D:8      | Killed Joseph
  8481 | D:8      | Received a gift from Nemelex Xobeh
  8754 | D:9      | Noticed a troll
  8764 | D:9      | Killed a troll
  9014 | D:9      | Found a shimmering altar of Xom.
  9072 | D:9      | Reached XP level 10. HP: 33/79 MP: 14/14
  9427 | D:9      | Found a staircase to the Orcish Mines.
  9455 | D:9      | Reached ** piety under Nemelex Xobeh
  9468 | D:9      | Received a gift from Nemelex Xobeh
  9505 | D:9      | Found a runed translucent door.
  9507 | D:9      | Found a runed translucent door.
  9728 | D:9      | Noticed Erica
  9748 | D:9      | Killed Erica
  9998 | D:9      | Found Leoqi's General Store.
 10008 | D:9      | Bought a potion of curing for 42 gold pieces
 10096 | D:10     | Entered Level 10 of the Dungeon
 10563 | D:10     | Noticed an elephant
 10571 | D:10     | Found a staircase to the Lair.
 10843 | D:10     | Reached skill level 5 in Dodging
 11002 | D:10     | Killed an unseen horror
 11221 | D:10     | Killed an elephant
 11326 | D:10     | Found a shadowy altar of Dithmenos.
 11774 | D:11     | Gained mutation: You are immune to freezing clouds.
                  | [demonic ancestry]
 11774 | D:11     | Reached XP level 11. HP: 86/86 MP: 17/17
 11783 | D:11     | Found a gate leading to a gauntlet.
 11796 | Gauntlet | Entered a Gauntlet
 11796 | Gauntlet | Found a transporter.
 11796 | Gauntlet | Found a transporter.
 11797 | Gauntlet | Noticed a necromancer
 11802 | Gauntlet | Found a transporter.
 11803 | Gauntlet | Noticed a tengu warrior
 11815 | Gauntlet | Found a transporter.
 11832 | Gauntlet | Found a transporter.
 11832 | Gauntlet | Found a transporter.
 11833 | Gauntlet | Noticed a ghost crab
 11834 | Gauntlet | Found a transporter.
 11837 | Gauntlet | Found a transporter.
 11837 | Gauntlet | Found a transporter.
 11839 | Gauntlet | Noticed a great orb of eyes
 11839 | Gauntlet | Noticed an alligator
 11842 | Gauntlet | Noticed a boulder beetle
 11842 | Gauntlet | an alligator changed into a boulder beetle
 11843 | Gauntlet | Noticed a green ugly thing
 11845 | Gauntlet | Noticed a brown ugly thing
 11846 | Gauntlet | Noticed a goliath frog
 11846 | Gauntlet | a boulder beetle changed into a goliath frog
 11849 | Gauntlet | Noticed a satyr
 11849 | Gauntlet | a goliath frog changed into a satyr
 11850 | Gauntlet | Noticed an ettin
 11850 | Gauntlet | a satyr changed into an ettin
 11852 | Gauntlet | Noticed a goliath frog
 11852 | Gauntlet | an ettin changed into a goliath frog
 11858 | Gauntlet | Found a runed translucent gate.
 11858 | Gauntlet | Found a runed translucent gate.
 11858 | Gauntlet | Found a runed translucent gate.
 11860 | Gauntlet | Found a transporter.
 11877 | Gauntlet | Found a transporter.
 11879 | Gauntlet | Noticed a two-headed ogre
 11879 | Gauntlet | a yaktaur changed into a two-headed ogre
 11880 | Gauntlet | a two-headed ogre changed into a moth of wrath
 11889 | Gauntlet | Found a transporter.
 11889 | Gauntlet | Noticed a green death
 11902 | Gauntlet | Found a transporter.
 11918 | Gauntlet | Noticed a glowing orange brain
 11918 | Gauntlet | Noticed a death drake
 11918 | Gauntlet | a glowing orange brain changed into a death drake
 11920 | Gauntlet | Noticed a fire crab
 11920 | Gauntlet | a death drake changed into a fire crab
 11928 | Gauntlet | a fire crab changed into a floating eye
 11938 | Gauntlet | Noticed a sea snake
 11938 | Gauntlet | a floating eye changed into a sea snake
 11939 | Gauntlet | a sea snake changed into a floating eye
 11987 | Gauntlet | Found a transporter.
 12087 | Gauntlet | Killed a necromancer
 12152 | Gauntlet | Killed a ghost crab
 12437 | Gauntlet | Noticed an azure jelly
 12440 | Gauntlet | Noticed a great orb of eyes
 12441 | Gauntlet | Noticed an ice dragon
 12441 | Gauntlet | a water nymph changed into an ice dragon
 12454 | Gauntlet | Noticed a seven-headed hydra
 12454 | Gauntlet | an ice dragon changed into a seven-headed hydra
 12458 | Gauntlet | Noticed an ice dragon
 12459 | Gauntlet | Noticed a bunyip
 12459 | Gauntlet | an ice dragon changed into a bunyip
 12462 | Gauntlet | Noticed a spark wasp
 12462 | Gauntlet | a bunyip changed into a spark wasp
 12481 | Gauntlet | Killed a green death
 12504 | Gauntlet | Noticed a wolf spider
 12511 | Gauntlet | Noticed a great orb of eyes
 12511 | Gauntlet | a wolf spider changed into a great orb of eyes
 12534 | Gauntlet | Noticed an orb spider
 12534 | Gauntlet | a black mamba changed into an orb spider
 12535 | Gauntlet | Noticed a bunyip
 12541 | Gauntlet | Noticed a goliath frog
 12541 | Gauntlet | a bunyip changed into a goliath frog
 12543 | Gauntlet | Noticed a great orb of eyes
 12543 | Gauntlet | a goliath frog changed into a great orb of eyes
 12546 | Gauntlet | Noticed an eight-headed hydra
 12546 | Gauntlet | a great orb of eyes changed into an eight-headed hydra
 12698 | Gauntlet | Noticed a glowing orange brain
 12705 | Gauntlet | Identified the amulet "Xotuam" {Acrobat Int+3}
 12705 | Gauntlet | Noticed a minotaur
 12715 | Gauntlet | Mangled by a minotaur

Illustrated notes

Levels and vault maps discovered:
D:1:      lemuel_arrival_cross, layout_basic, serial_forest,
          infiniplex_forest_corner_1, infiniplex_forest_end_2,
          infiniplex_forest_clump_long, infiniplex_forest_clump_small,
          infiniplex_forest_clump_C, infiniplex_forest_clump_C,
          infiniplex_forest_clump_tiny, st_stairs_1,
          corexii_item_surrounded_by_moat, serial_bayou_lake_a
D:2:      minmay_alternating_diamond, layout_rooms,
          gammafunk_temple_overflow_pools, uniq_robin
D:3:      layout_loops_corners, lemuel_doored_altar, kennysheep_slug_shrine,
          makhleb_blood_cavern_becter, lemuel_zombie_altar_yredelemnul,
          lemuel_round_altar, grunt_qazlal_clouds
D:4:      layout_basic, hangedman_decor_diamond_cutter, tso_altar, uniq_edmund
D:5:      layout_rooms, minmay_temple_entry_wispy, serial_shops, shop,
          nicolae_shop_window_shopping, shop_fountains, shop, kennysheep_mini,
          uniq_ijyb
D:6:      layout_cave_pods, kennysheep_flooded_box
D:7:      layout_rooms, lemuel_coloured_pillars_altar,
          chequers_temple_overflow_statue_of_worship, kennysheep_small_circle,
          uniq_duvessa
D:8:      layout_cave_pools, kennysheep_vampire_church, uniq_joseph
D:9:      lemuel_insect_pit, layout_rooms, nicolae_overflow_hidden_temple,
          david_orc_3, serial_shops, nicolae_shop_competitors_out_of_business,
          glass_columns_c, uniq_erica
D:10:     layout_roguey, david_lair_generic, grunt_dithmenos_smoke
D:11:     layout_cave_pools, gauntlet_entry_generic
Temple:   cyrus_temple_forest
Gauntlet: gammafunk_gauntlet_mixed_choke_point [minmay_gauntlet_arena_77_fan,
          minmay_gauntlet_arena_77_broken_ladder,
          minmay_gauntlet_arena_77_terracotta_army,
          nicolae_gauntlet_arena_grate_2, minmay_gauntlet_arena_77_mirror,
          minmay_gauntlet_arena_77_tiled_triplets,
          minmay_gauntlet_arena_77_run_for_it, gauntlet_exit_hidden_loot]

Skill      XL: |  1  2  3  4  5  6  7  8  9 10 11 |
---------------+----------------------------------+-----
Axes           | 2 3 4 5 6 7 8 |  8.0
Armour         | 3 4 5 6 7 |  7.0
Dodging        | 1 2 4 5 6 |  6.0
Shields        | 3 4 5 6 7 |  7.0
Fighting       | 4 5 7 8 |  8.0
Invocations    | 2 6 8 |  8.0
Evocations     | 2 3 |  3.0

Action                   |  1- 3 |  4- 6 |  7- 9 | 10-12 || total
-------------------------+-------+-------+-------+-------++-------
Melee: War axe           |   118 |   132 |   395 |   251 ||   896
       Headbutt          |     8 |    23 |    80 |    74 ||   185
Invok: Draw Destruction  |       |       |       |     4 ||     4
  Use: Scroll            |       |       |     6 |     3 ||     9
 Stab: Distracted        |       |       |     4 |       ||     4
Armor: Scale mail        |    92 |    36 |       |       ||   128
       Quicksilver drago |       |    25 |   183 |   141 ||   349
Dodge: Dodged            |    43 |    27 |   232 |   191 ||   493
Block: Kite shield       |    75 |    58 |   249 |   155 ||   537
